AoeStats
← K

Black Forest

509424980Analyzed
4v4 RM · 7d ago on Sep 26, 2026· 38m 36s· 8 players
Game mode
Random Map
Map size
Large (8 player)
Population
200
Speed
Normal
Resources
Standard
Victory
Conquest
Starting age
Dark Age
Ending age
Imperial Age
RankedLock teamsTeams togetherTeam positionsShared explorationLock speedFull tech treeHidden civsTurbo modeCheats
Victory
Defeat
🇬🇧 Persians · United Kingdom
1198
+9
🇬🇧 Varangians · United Kingdom
1103
+12
🇨🇳 Georgians · China
1037
+15
🇮🇳 Turks · India
1028
+17
🇺🇸 Malay · United States
1065
-15
🇨🇳 Jurchens · China
1028
-13
🇺🇸 Vietnamese · United States
1014
-13
🇨🇦 Spanish · Canada
991
-12
Welches So Wavy
1:32 Loom
11:19 Loom
13:25 Feudal Age
15:54 Horse Collar
18:21 Castle Age
17:13 Double-Bit Axe
17:11 Horse Collar
20:28 Pikeman
25:38 Fletching
29:04 Wheelbarrow
30:44 Bodkin Arrow
30:50 Padded Archer Armor
31:46 Hand Cart
32:17 Thumb Ring
33:01 Crossbowman
34:58 Leather Archer Armor
35:34 Elite Skirmisher
36:50 Bow Saw
38:36 Ballistics
Dv Praim
9:04 Feudal Age
8:16 Man-at-Arms
12:05 Double-Bit Axe
13:08 Horse Collar
17:42 Gold Mining
19:59 Castle Age
18:28 Forging
18:23 Scale Barding Armor
20:41 Iron Casting
20:16 Scale Barding Armor
23:22 Husbandry
23:41 Bow Saw
27:45 Iron Casting
27:59 Gold Shaft Mining
28:53 Wheelbarrow
28:23 Husbandry
29:24 Heavy Plow
35:24 Stone Mining
36:24 Hand Cart
40:21 Imperial Age
tyco170
0:33 Loom
12:30 Feudal Age
13:07 Double-Bit Axe
13:15 Horse Collar
21:18 Castle Age
18:49 Man-at-Arms
19:14 Arson
19:47 Stone Mining
19:47 Gold Mining
21:29 Fletching
22:11 Gold Mining
22:57 Stone Shaft Mining
22:13 Gambesons
22:49 Heavy Plow
23:38 Bow Saw
23:36 Long Swordsman
24:30 Squires
25:53 Bodkin Arrow
25:59 Padded Archer Armor
27:04 Elite Skirmisher
28:14 Leather Archer Armor
33:16 Wheelbarrow
32:28 Town Watch
34:58 Fishing Lines
38:08 Hand Cart
bro
8:52 Loom
10:42 Feudal Age
12:22 Loom
15:15 Castle Age
19:54 Horse Collar
23:18 Double-Bit Axe
24:37 Heavy Plow
26:34 Gold Mining
26:34 Stone Mining
29:00 Forging
28:55 Scale Barding Armor
31:03 Iron Casting
30:48 Chain Barding Armor
31:32 Bloodlines
31:22 Husbandry
ecm2002
4:36 Loom
11:14 Feudal Age
15:31 Castle Age
14:54 Double-Bit Axe
14:51 Horse Collar
18:28 Bow Saw
19:48 Heavy Plow
22:12 Gold Mining
23:00 Forging
22:56 Scale Mail Armor
24:41 Stone Mining
25:32 Wheelbarrow
24:48 Gambesons
25:04 Squires
28:20 Hand Cart
33:26 Imperial Age
34:23 Stone Shaft Mining
33:55 Gothikon
34:56 Conscription
34:42 Elite Varangian Guard
36:14 Chain Mail Armor
36:35 Iron Casting
36:29 Arson
37:51 Plate Mail Armor
37:25 Town Watch
39:45 Blast Furnace
39:17 Ballistics
39:59 Chemistry
YuangXue
11:56 Feudal Age
11:17 Loom
19:42 Double-Bit Axe
22:11 Castle Age
20:33 Horse Collar
28:55 Pikeman
38:26 Fletching
Thicc Daddy
0:27 Loom
12:55 Feudal Age
14:56 Double-Bit Axe
15:04 Gold Mining
15:10 Horse Collar
18:08 Castle Age
19:12 Town Watch
22:31 Imperial Age
23:24 Padded Archer Armor
24:21 Leather Archer Armor
29:04 Ring Archer Armor
32:10 Bow Saw
36:31 Town Watch
37:21 Wheelbarrow
37:27 Forging
K
10:50 Feudal Age
18:24 Castle Age
16:11 Double-Bit Axe
16:15 Horse Collar
23:14 Husbandry
23:25 Bloodlines
23:44 Gold Mining
24:25 Forging
25:52 Loom
26:15 Scale Barding Armor
28:01 Town Watch
28:54 Wheelbarrow
29:45 Chain Barding Armor
32:27 Iron Casting
33:49 Heavy Plow
34:45 Gold Shaft Mining
34:47 Bow Saw
35:08 Stone Mining
38:08 Imperial Age
37:51 Cavalier
39:40 Blast Furnace
39:15 Plate Barding Armor
Connection lost

Rejoining the realm…

Still unreachable

The connection could not be restored.

Session expired

The server has moved on; the page needs a fresh start.